 Dungeon Crawl Stone Soup version 0.29-a0-337-g68df138881 (webtiles) character file.

Game seed: 9817069811944268062

166 bande the Skirmisher (level 5, -2/33 HPs)
             Began as a Gargoyle Fighter on Apr 16, 2022.
             Slain by Crazy Yiuf
             ... wielding a +4 quarterstaff of chaos
              (9 damage)
             ... on level 2 of the Dungeon.
             The game lasted 00:02:48 (1923 turns).

bande the Skirmisher (Gargoyle Fighter)             Turns: 1923, Time: 00:02:49

Health: -2/33      AC: 11    Str: 20    XL:     5   Next: 47%
Magic:  5/5        EV:  9    Int:  8    God:
Gold:   80         SH:  4    Dex: 11    Spells: 4/4 levels left

rFire   + . .      SeeInvis .   a - +0 war axe
rCold   . . .      Faith    .   c - +0 buckler
rNeg    + . .      Spirit   .   b - +0 scale mail
rPois   ∞          Reflect  .   (no helmet)
rElec   +          Harm     .   (no cloak)
rCorr   .          Rampage  .   (no gloves)
Will    .....                   (no boots)
Stlth   ..........              (no amulet)
HPRegen 0.11/turn               m - ring of protection from fire
MPRegen 0.09/turn               (no ring)

@: mighty
A: sickness immunity, AC +4, negative energy resistance 1, electricity
resistance, torment resistance 1, petrification resistance
a: no special abilities


You were on level 2 of the Dungeon.
You visited 1 branch of the dungeon, and saw 2 of its levels.

You collected 80 gold pieces.

Inventory:

Hand Weapons
 a - a +0 war axe (weapon)
 h - a +0 flail
Armour
 b - a +0 scale mail (worn)
 c - a +0 buckler (worn)
Jewellery
 m - a ring of protection from fire (left hand)
 n - an amulet of reflection
Wands
 l - a wand of digging (1)
Scrolls
 f - a scroll of amnesia
Potions
 d - a potion of might
 e - a potion of ambrosia {unknown}
 g - a potion of attraction {unknown}
 i - a potion of curing {unknown}
 j - a potion of flight {unknown}
 k - 3 potions of brilliance {unknown}


   Skills:
 + Level 4.1 Fighting
 + Level 3.6 Axes
 + Level 4.0 Armour
 + Level 3.9 Shields
 * Level 0.1 Evocations


You had 4 spell levels left.
You didn't know any spells.
Your spell library was empty.

Dungeon Overview and Level Annotations

Branches:
Dungeon (2/15)

Altars:

Annotations:
D:2 Crazy Yiuf


Innate Abilities, Weirdness & Mutations

You are immune to sickness and miasma.
Your stone body is resilient. (AC +4)
You are immune to poison.
You resist negative energy. (rN+)
You are resistant to electric shocks. (rElec)
You are resistant to unholy torment.
You are immune to petrification.


Message History

No target in view!
No target in view!
No target in view!
No target in view!
There is an open door here.
There is a stone staircase leading down here.
Key pressed, stopping explore.
You see here a +0 whip.
You see here a +0 club.
You see here a +0 short sword.
Crazy Yiuf shouts!
You open the door. You hit Crazy Yiuf.
Crazy Yiuf is lightly wounded.
Crazy Yiuf barely misses you.
You hit Crazy Yiuf.
Crazy Yiuf is lightly wounded.
Crazy Yiuf hits you with a +4 quarterstaff of chaos!
Crazy Yiuf freezes you.
You hit Crazy Yiuf.
Crazy Yiuf is moderately wounded.
Crazy Yiuf hits you with a +4 quarterstaff of chaos.
Crazy Yiuf freezes you.
Crazy Yiuf laughs, "Lay mobile bag!"
Crazy Yiuf barely misses you.
You hit Crazy Yiuf.
Crazy Yiuf is heavily wounded.
Crazy Yiuf hits you with a +4 quarterstaff of chaos.
* * * LOW HITPOINT WARNING * * *
You feel very mighty all of a sudden.
Crazy Yiuf hits you with a +4 quarterstaff of chaos.
* * * LOW HITPOINT WARNING * * *
You barely miss Crazy Yiuf.
Crazy Yiuf is heavily wounded.
Crazy Yiuf grits, "Snoogle koolooloo dark!"
You block Crazy Yiuf's attack.
You barely miss Crazy Yiuf.
Crazy Yiuf is heavily wounded.
Crazy Yiuf hits you with a +4 quarterstaff of chaos!
You die...

..#.#.........................#
.##.#.####.......##....#.#.#..#
.........#.###..#.............##
.##.#.######
###########.#.##..## ........#
#......... ........# ###.##.###
.##.#.###### **### #...##.#
.##.#.#....## ###..)# #...##.#
.##.#.......####@g...# ###.##.#
.##.###......#..##...#
#......### .##.#
##....#.###**### #.........
.##.########### ###.######
#.......# #.# ###.##### #.# #
#.# #.# ### #.# ###


You could see Crazy Yiuf.

Vanquished Creatures
  Natasha (thrice) (D:2)
  A gnoll (D:1)
  3 adders (D:2)
  A worm (D:2)
  A dart slug (D:1)
  5 bats
  6 endoplasms
  3 giant cockroaches (D:2)
  A goblin (D:1)
  6 hobgoblins
  2 jackals (D:1)
  4 quokkas
  2 ball pythons
  3 frilled lizards
  4 kobolds
  6 rats
51 creatures vanquished.

Notes
Turn   | Place    | Note
-------+----------+-------------------------------------------
     0 | D:1      | bande the Gargoyle Fighter began the quest for the Orb.
     0 | D:1      | Reached XP level 1. HP: 14/14 MP: 1/1
   110 | D:1      | Reached XP level 2. HP: 19/19 MP: 2/2
   348 | D:1      | Reached XP level 3. HP: 19/23 MP: 3/3
   761 | D:2      | Reached XP level 4. HP: 29/29 MP: 4/4
   907 | D:2      | Noticed Natasha
   914 | D:2      | HP: 1/29 [white imp/puff of frost[Natasha] (7)]
   917 | D:2      | Killed Natasha
  1068 | D:2      | Found a faded altar of an unknown god.
  1331 | D:2      | Found a runed translucent door.
  1332 | D:2      | Noticed Crazy Yiuf
  1362 | D:2      | Noticed Natasha
  1371 | D:2      | Killed Natasha
  1372 | D:2      | Reached XP level 5. HP: 33/33 MP: 5/5
  1384 | D:2      | Noticed Natasha
  1392 | D:2      | Killed Natasha
  1923 | D:2      | Slain by Crazy Yiuf

Illustrated notes

Levels and vault maps discovered:
D:1:      scummos_arrival_checkerplants, layout_basic, minmay_pentomino_v4
D:2:      kb_forest_paths, layout_basic,
          hellmonk_ecumenical_altar_inner_sanctum, kennysheep_generic_room_14,
          uniq_crazy_yiuf_cottage, uniq_natasha

Skill      XL: |  1  2  3  4  5 |
---------------+----------------+-----
Axes           | 2 3 |  3.6
Fighting       | 4 |  4.1
Armour         | 4 |  4.0
Shields        | |  3.9
Evocations     | |  0.1

Action                   |  1- 3 |  4- 6 || total
-------------------------+-------+-------++-------
Melee: War axe           |    58 |    78 ||   136
  Use: Scroll            |     2 |     1 ||     3
       Potion            |       |     3 ||     3
Armor: Scale mail        |    23 |    55 ||    78
Dodge: Dodged            |    37 |    40 ||    77
Block: Buckler           |     8 |    21 ||    29

Table legend: (Time is in decaauts)
 A = Elapsed time spent in this place.
 B = Non-inter-level travel time spent in this place.
 C = Inter-level travel time spent in this place.
 D = Time resting spent in this place.
 E = Time spent auto-exploring this place.
 F = Levels seen in this place.
 G = Mean time per level.
                   A        B        C        D        E       F      G
               +--------+--------+--------+--------+--------+-----+--------+
         Total |   1992 |   1992 |      0 |      0 |   1622 |   2 |  996.0 |
       Dungeon |   1992 |   1992 |      0 |      0 |   1622 |   2 |  996.0 |
               +--------+--------+--------+--------+--------+-----+--------+

Top non-repeatable levels by time:
     D:2: 1278 daAuts
     D:1: 714 daAuts
